 Dungeon Crawl Stone Soup version 0.29.1-2-gbd0b4ee654 (webtiles) character file.

Game seed: 16331092847362944096

759 LustLizard the Ducker (level 7, 0/60 HPs)
             Began as a Gnoll Monk on Nov 9, 2022.
             Slain by an iguana (11 damage)
             ... on level 5 of the Dungeon.
             The game lasted 00:04:54 (3353 turns).

LustLizard the Ducker (Gnoll Monk)                  Turns: 3353, Time: 00:04:54

Health: 0/60       AC:  7    Str: 12    XL:     7   Next: 80%
Magic:  10/11      EV: 11    Int: 12    God:
Gold:   144        SH:  0    Dex: 15    Spells: 11/11 levels left

rFire   . . .      SeeInvis .   q - +8 hand axe "Omuesel" {vamp, Int+3}
rCold   . . .      Faith    .   (no shield)
rNeg    . . .      Spirit   .   m - +0 scale mail
rPois   .          Reflect  .   (no helmet)
rElec   .          Harm     .   (no cloak)
rCorr   .          Rampage  .   i - +0 pair of gloves
Will    .....                   (no boots)
Stlth   ++........              v - amulet of the acrobat
HPRegen 0.20/turn               (no ring)
MPRegen 0.12/turn               (no ring)

@: lethally poisoned (0 -> -20)
A: fangs 1, strong nose, distributed training
a: no special abilities


You were on level 5 of the Dungeon.
You visited 1 branch of the dungeon, and saw 5 of its levels.

You collected 216 gold pieces.
You spent 72 gold pieces at shops.

Inventory:

Hand Weapons
 a - a +0 hand axe
 e - a +0 sling
 p - the +3 whip of Death's Door {freeze, rC++ Int+4}
   (You found it on level 2 of the Dungeon)

   It freezes those it strikes, dealing additional cold damage.
   It can also slow down cold-blooded creatures.
   Int:       It affects your intelligence (+4).
   rC:        It greatly protects you from cold.
 q - the +8 hand axe "Omuesel" (weapon) {vamp, Int+3}
   (You took it off a kobold on level 2 of the Dungeon)

   It occasionally heals its wielder for a portion of the damage dealt when it
   wounds a living foe.
   Int:       It affects your intelligence (+3).
Missiles
 d - 57 stones (quivered)
 t - 13 poisoned darts
Armour
 b - a +0 robe
 h - a +0 leather armour
 i - a +0 pair of gloves (worn)
 m - a +0 scale mail (worn)
Jewellery
 v - an amulet of the acrobat (around neck)
 y - a ring of magical power
Scrolls
 f - 3 scrolls of identify
 g - 3 scrolls of teleportation
 k - a scroll of vulnerability {unknown}
 l - a scroll of butterflies {unknown}
 s - 2 scrolls of fear {unknown}
 u - a scroll of poison {unknown}
 w - a scroll of magic mapping {unknown}
 x - a scroll of enchant armour {unknown}
 z - a scroll of brand weapon {unknown}
Potions
 c - 2 potions of ambrosia
 j - a potion of berserk rage
 o - a potion of heal wounds
 r - a potion of flight


   Skills:
 + Level 7.2 Fighting
 + Level 2.8 Short Blades
 + Level 2.8 Long Blades
 + Level 7.2 Axes
 + Level 2.8 Maces & Flails
 + Level 2.8 Polearms
 + Level 2.8 Staves
 + Level 2.8 Ranged Weapons
 + Level 2.8 Throwing
 + Level 2.8 Armour
 + Level 7.2 Dodging
 + Level 5.1 Stealth
 + Level 2.8 Shields
 + Level 2.8 Unarmed Combat
 + Level 2.8 Spellcasting
 + Level 2.3 Conjurations
 + Level 2.3 Hexes
 + Level 2.3 Summonings
 + Level 2.3 Necromancy
 + Level 2.3 Translocations
 + Level 2.3 Transmutations
 + Level 2.3 Fire Magic
 + Level 2.3 Ice Magic
 + Level 2.3 Air Magic
 + Level 2.3 Earth Magic
 + Level 2.3 Poison Magic
 + Level 3.1 Invocations
 + Level 2.8 Evocations


You had 11 spell levels left.
You didn't know any spells.
Your spell library contained the following spells:

 Spells                   Type           Power      Damage    Failure   Level
 Magic Dart               Conj           28%        1d4       43%         1
 Slow                     Hex            28%        N/A       43%         1
 Sting                    Tmut/Pois      28%        1d4       43%         1
 Poisonous Vapours        Pois/Air       14%        N/A       58%         2
 Scorch                   Fire           14%        2d5       58%         2
 Searing Ray              Conj           14%        2d5       58%         2
 Confusing Touch          Hex            7%         N/A       82%         3
 Vampiric Draining        Necr           7%         2d6       82%         3
 Flame Wave               Conj/Fire      7%         2d5       99%         4
 Fulminant Prism          Conj/Hex       3%         3d6       99%         4
 Olgreb's Toxic Radiance  Pois           7%         N/A       99%         4
 Alistair's Intoxication  Tmut/Pois      4%         N/A       100%        5
 Borgnjor's Vile Clutch   Necr/Erth      3%         N/A       100%        5
 Eringya's Noxious Bog    Tmut/Pois      3%         N/A       100%        6
 Summon Cactus Giant      Summ           3%         N/A       100%        6


Dungeon Overview and Level Annotations

Branches:
Dungeon (5/15)
 Temple: D:4-7

Altars:
Gozag
Nemelex Xobeh
Yredelemnul
Zin

Shops:
D:2 !   D:5 (


Innate Abilities, Weirdness & Mutations

You have very sharp teeth.
Your uncanny sense of smell can sniff out nearby items.
Your experience applies equally to all skills.


Message History

The killer bee stings you but does no damage.
The orc hits you with a +0 whip.
Unknown command.
You slash the ogre!
The ogre is almost dead.
You slash the orc!
You feel better.
You kill the orc!
You hit the killer bee. x2; You feel better.
You feel sick. The killer bee stings you.
The killer bee stings you but does no damage.
The ogre barely misses you. The killer bee stings you!
You are more poisoned.
The killer bee poisons you! The killer bee barely misses you.
You slash the ogre!
You feel better.
You kill the ogre!
You miss the killer bee. You barely miss the iguana. You miss the killer bee.
You feel sick.
The killer bee stings you but does no damage. x3
The killer bee stings you. The iguana closely misses you.
Unknown command.
You slash the ice beast!
You feel better.
The ice beast is moderately wounded.
You hit the iguana but do no damage. You barely miss the killer bee.
You hit the killer bee.
You feel sick.
The killer bee stings you but does no damage.
The killer bee closely misses you. The killer bee barely misses you.
The killer bee stings you but does no damage.
The iguana bites you. The ice beast hits you. The ice beast freezes you!
* * * LOW HITPOINT WARNING * * *
You feel better.
The killer bee stings you but does no damage.
The killer bee stings you.
* * * LOW HITPOINT WARNING * * *
You are poisoned.
The killer bee poisons you! The killer bee misses you.
The killer bee stings you.
* * * LOW HITPOINT WARNING * * *
You are lethally poisoned!
The killer bee poisons you! The iguana bites you!
You die...

#......................
......#............#.....
....#.#.#.>........# ....
........#..............#
................ ...#.
..#............## ......
.##.............# #......
..#............!##)......
...........#...Y@lg......
..........##...y)y)......
......##.##.....Y........
##...###.###.............
###..###.................
##....#...###............
....#.#.#.# ##......?....
..###...#.. ..####......
................ .....


You could see 2 ice beasts, an iguana, 2 killer bees and a gnoll.

Vanquished Creatures
  Sigmund (D:2)
  2 ogres
  A kobold brigand (D:4)
  2 killer bees (D:5)
  3 hounds
  An iguana (D:5)
  6 adders
  3 gnolls (D:5)
  3 worms
  2 dart slugs (D:1)
  5 orcs (D:5)
  3 ball pythons
  A bat (D:1)
  8 endoplasms
  3 giant cockroaches
  6 hobgoblins
  6 jackals
  A frilled lizard (D:1)
  9 goblins
  7 kobolds
  6 rats
79 creatures vanquished.

Notes
Turn   | Place    | Note
-------+----------+-------------------------------------------
     0 | D:1      | LustLizard the Gnoll Monk began the quest for the Orb.
     0 | D:1      | Reached XP level 1. HP: 23/23 MP: 1/1
   496 | D:1      | Reached XP level 2. HP: 29/29 MP: 2/2
   884 | D:2      | Reached XP level 3. HP: 35/35 MP: 2/4
   970 | D:2      | Reached skill level 1 in Invocations
   995 | D:2      | Noticed Sigmund
  1013 | D:2      | Killed Sigmund
  1014 | D:2      | Reached skill level 1 in Short Blades
  1014 | D:2      | Reached skill level 1 in Long Blades
  1014 | D:2      | Reached skill level 1 in Maces & Flails
  1014 | D:2      | Reached skill level 1 in Polearms
  1014 | D:2      | Reached skill level 1 in Staves
  1014 | D:2      | Reached skill level 1 in Ranged Weapons
  1014 | D:2      | Reached skill level 1 in Throwing
  1014 | D:2      | Reached skill level 1 in Armour
  1014 | D:2      | Reached skill level 1 in Shields
  1014 | D:2      | Reached skill level 1 in Unarmed Combat
  1014 | D:2      | Reached skill level 1 in Spellcasting
  1014 | D:2      | Reached skill level 1 in Conjurations
  1014 | D:2      | Reached skill level 1 in Hexes
  1014 | D:2      | Reached skill level 1 in Summonings
  1014 | D:2      | Reached skill level 1 in Necromancy
  1014 | D:2      | Reached skill level 1 in Translocations
  1014 | D:2      | Reached skill level 1 in Transmutations
  1014 | D:2      | Reached skill level 1 in Fire Magic
  1014 | D:2      | Reached skill level 1 in Ice Magic
  1014 | D:2      | Reached skill level 1 in Air Magic
  1014 | D:2      | Reached skill level 1 in Earth Magic
  1014 | D:2      | Reached skill level 1 in Poison Magic
  1014 | D:2      | Reached skill level 1 in Evocations
  1014 | D:2      | Reached XP level 4. HP: 15/41 MP: 4/6
  1014 | D:2      | Reached XP level 5. HP: 17/47 MP: 4/7
  1322 | D:2      | Found a faded altar of an unknown god.
  1328 | D:2      | Identified the +3 whip of Death's Door {freeze, rC++ Int+4}
  1417 | D:2      | Identified the +8 hand axe "Omuesel" {vamp, Int+3}
  1484 | D:2      | Found Funtot's Distillery.
  1492 | D:2      | Bought a potion of curing for 36 gold pieces
  1492 | D:2      | Bought a potion of flight for 36 gold pieces
  1642 | D:3      | Reached XP level 6. HP: 53/53 MP: 8/8
  2651 | D:4      | Reached XP level 7. HP: 53/60 MP: 10/10
  2914 | D:4      | Found a basalt altar of Yredelemnul.
  3058 | D:4      | Found a glowing silver altar of Zin.
  3058 | D:4      | Found an opulent altar of Gozag.
  3205 | D:5      | Entered Level 5 of the Dungeon
  3205 | D:5      | Found Wopyqobb's Weapon Shop.
  3228 | D:5      | Found a sparkling altar of Nemelex Xobeh.
  3345 | D:5      | Reached skill level 5 in Stealth
  3353 | D:5      | Slain by an iguana

Illustrated notes

Levels and vault maps discovered:
D:1:      dpeg_arrival_rhombi, layout_basic
D:2:      layout_basic, serial_shops, shop, hellmonk_ecumenical_altar_blasted,
          uniq_sigmund
D:3:      layout_basic, minmay_unequal
D:4:      layout_cave_pools, grunt_temple_overflow_gold_and_silver,
          lemuel_round_altar, kennysheep_generic_room_4
D:5:      layout_cave_pools, overflow_temple_1_default,
          nzn_wu_jian_contemplation, serial_shops, shop_statue, uniq_duvessa

Skill      XL: |  1  2  3  4  5  6  7 |
---------------+----------------------+-----
Invocations    | 1 2 3 |  3.1
Short Blades   | 1 2 |  2.8
Long Blades    | 1 2 |  2.8
Maces & Flails | 1 2 |  2.8
Polearms       | 1 2 |  2.8
Staves         | 1 2 |  2.8
Ranged Weapons | 1 2 |  2.8
Throwing       | 1 2 |  2.8
Armour         | 1 2 |  2.8
Shields        | 1 2 |  2.8
Unarmed Combat | 1 2 |  2.8
Spellcasting   | 1 2 |  2.8
Conjurations   | 1 2 |  2.3
Hexes          | 1 2 |  2.3
Summonings     | 1 2 |  2.3
Necromancy     | 1 2 |  2.3
Translocations | 1 2 |  2.3
Transmutations | 1 2 |  2.3
Fire Magic     | 1 2 |  2.3
Ice Magic      | 1 2 |  2.3
Air Magic      | 1 2 |  2.3
Earth Magic    | 1 2 |  2.3
Poison Magic   | 1 2 |  2.3
Evocations     | 1 2 |  2.8
Fighting       | 7 |  7.2
Axes           | 7 |  7.2
Dodging        | 7 |  7.2
Stealth        | 5 |  5.1

Action                   |  1- 3 |  4- 6 |  7- 9 || total
-------------------------+-------+-------+-------++-------
Melee: Hand axe          |    56 |    73 |    47 ||   176
       Bite              |     3 |    10 |     2 ||    15
       Whip              |       |    19 |       ||    19
       Punch             |       |     1 |     1 ||     2
 Fire: Sling             |    11 |       |       ||    11
  Use: Potion            |       |       |     6 ||     6
       Scroll            |       |       |     3 ||     3
 Stab: Sleeping          |     3 |     4 |     1 ||     8
Armor: Robe              |     1 |       |       ||     1
       Scale mail        |    10 |    21 |    33 ||    64
       Leather armour    |     2 |       |       ||     2
Dodge: Dodged            |    30 |    41 |    80 ||   151
